Map: Blueshift LE

Players

Future - Winner!

  • Race: Terran Terran
  • League: Grandmaster
  • Spawn Location: 1:00

puCK (Nina)

  • Race: Protoss Protoss
  • League: Grandmaster
  • Spawn Location: 7:00

Event: Cheeseadelphia 8

VOD

Have the link to the VOD?

Description

Time

  • Played on: Dec. 9, 2018, 6:40 p.m.
  • Length: 8:50

All games in this series

Show
View Real Time Build Order
Export as new Build Order

Future Terran - Winner!

Build Orders: Reaper Expand 

Get SALT Encoding   

  12  0:00  SCV  
  13  0:12  SCV  
  14  0:17  Supply Depot  
  14  0:24  SCV  
  15  0:39  SCV  
  15  0:40  Barracks  
  16  0:43  Refinery  
  16  0:51  SCV  
  17  1:03  SCV  
  18  1:15  SCV  
  19  1:27  Reaper, Orbital Command  
  20  1:43  Command Center  
  20  1:53  SCV  
  21  1:59  Reaper  
  22  2:03  Supply Depot  
  22  2:05  SCV  
  22  2:08  Refinery  
  23  2:24  Factory, SCV  
  24  2:32  Barracks Tech Lab  
  24  2:36  SCV  
  25  2:47  Supply Depot  
  25  2:48  SCV  
  25  2:57  Marauder  
  27  3:00  SCV  
  28  3:13  SCV  
  29  3:24  Orbital Command  
  29  3:25  SCV  
  30  3:28  Cyclone  
  30  3:29  Barracks Reactor, Mag-Field Accelerator  
  33  3:34  Barracks  
  33  3:37  SCV  
  34  3:46  Barracks  
  34  3:49  SCV  
  34  3:50  SCV  
  36  4:00  Cyclone  
  36  4:01  SCV  
  40  4:03  SCV  
  40  4:10  Marine x2  
  40  4:13  Supply Depot, SCV  
  40  4:15  SCV  
  44  4:23  Barracks Tech Lab  
  44  4:25  SCV  
  44  4:27  SCV  
  44  4:28  Refinery, Marine x2, Engineering Bay  
  48  4:37  SCV  
  48  4:38  Starport  
  49  4:39  SCV  
  49  4:41  Supply Depot  
  49  4:44  Marine  
  51  4:45  Stimpack  
  51  4:49  SCV  
  51  4:51  SCV  
  53  4:53  Marine  
  53  4:54  Combat Shield  
  54  5:00  Factory Reactor  
  54  5:01  SCV  
  54  5:03  SCV  
  54  5:05  Supply Depot  
  54  5:06  Terran Infantry Weapons Level 1, Marine x2  
  58  5:08  Marine  
  58  5:14  SCV  
  60  5:15  SCV  
  60  5:26  Marauder  
  60  5:28  SCV  
  62  5:29  Marine x2, Marauder  
  62  5:33  SCV  
  67  5:37  Supply Depot  
  67  5:38  Supply Depot  
  66  5:48  Medivac, Marauder  
  64  5:51  Marauder  
  61  5:58  Marine  
  61  6:03  SCV x2  
  61  6:04  Factory Reactor  
  63  6:09  Marauder  
  65  6:11  Marine  
  65  6:12  Marauder  
  65  6:14  Medivac  
  65  6:16  Marine  
  71  6:19  Medivac, SCV  
  71  6:20  SCV  
  75  6:26  Concussive Shells  
  75  6:31  Marine, Marauder  
  75  6:32  SCV x2  
  80  6:33  Marine, Marauder  
  80  6:36  Supply Depot  
  83  6:49  Marine, SCV  
  83  6:50  SCV  
  83  6:51  Refinery, Marine  
  83  6:53  Marauder  
  89  6:55  Marauder  
  89  6:58  Medivac  
  93  7:07  Medivac, Marine  
  96  7:09  Marine  
  96  7:10  Widow Mine x2  
  96  7:13  Supply Depot, Marine  
  96  7:14  Supply Depot  
  102  7:30  Marine  
  102  7:31  Marine  
  102  7:32  Marauder  
  102  7:33  Marine  
  98  7:39  Medivac, Widow Mine x2  
  98  7:40  Medivac  
  106  7:48  Marauder  
  106  7:49  Marine  
  108  7:51  Marine  
  108  7:53  Marauder  
  103  8:01  Command Center  
  100  8:07  Marine  
  100  8:10  Marine, Marauder  
  105  8:13  Widow Mine  
  105  8:18  Marauder  
  103  8:23  Widow Mine  
  103  8:25  Marine  
Show
View Real Time Build Order
Export as new Build Order

puCK Protoss 

Build Orders: 1 Gate Expand, Colossus Rush 

Get SALT Encoding   

  12  0:00  Probe  
  13  0:13  Probe  
  14  0:18  Pylon  
  14  0:25  Probe  
  15  0:35  Probe  
  15  0:40  Gateway  
  16  0:43  Probe  
  16  0:49  Assimilator  
  17  0:56  Probe  
  18  1:08  Probe  
  19  1:20  Probe  
  20  1:28  Cybernetics Core  
  20  1:38  Nexus  
  20  1:39  Zealot  
  20  1:44  Probe  
  23  1:55  Pylon  
  23  2:04  Adept  
  23  2:13  Probe  
  23  2:14  Assimilator  
  25  2:25  Probe  
  25  2:27  Warp Gate  
  26  2:31  Stalker  
  27  2:38  Probe  
  26  2:50  Probe  
  27  2:58  Probe  
  28  3:01  Stalker  
  28  3:02  Probe  
  31  3:10  Probe  
  32  3:16  Probe  
  31  3:22  Probe  
  31  3:25  Robotics Facility  
  32  3:31  Stalker, Probe  
  32  3:33  Shield Battery  
  33  3:34  Probe  
  34  3:44  Probe  
  34  3:48  Probe  
  38  3:55  Shield Battery  
  38  3:56  Probe  
  38  4:01  Stalker  
  40  4:04  Probe  
  40  4:07  Warp Prism  
  40  4:08  Probe  
  41  4:16  Probe  
  42  4:23  Pylon  
  45  4:29  Gateway  
  44  4:34  Gateway  
  44  4:36  Observer  
  44  4:40  Probe x2  
  47  4:48  Stalker  
  47  4:52  Probe  
  50  4:56  Probe  
  50  4:59  Pylon  
  51  5:02  Robotics Bay  
  52  5:09  Pylon  
  52  5:12  Probe x2  
  53  5:31  Stalker x3  
  53  5:33  Probe x2  
  53  5:34  Assimilator  
  61  5:35  Assimilator  
  61  5:39  Pylon  
  61  5:42  Colossus  
  61  5:45  Probe  
  62  6:02  Probe  
  62  6:04  Probe, Sentry x2  
  60  6:06  Gravitic Drive  
  60  6:10  Gateway  
  64  6:13  Gateway  
  64  6:14  Gateway  
  64  6:21  Probe x2  
  64  6:25  Pylon  
  66  6:28  Sentry  
  66  6:31  Warp Prism  
  68  6:35  Pylon  
  69  6:48  Stalker x2  
  73  6:55  Twilight Council  
  73  7:02  Nexus  
  73  7:03  Zealot  
  73  7:07  Sentry  
  77  7:09  Immortal  
  67  7:38  Stalker x4  
  67  7:39  Zealot  
  67  7:40  Zealot  
  79  7:44  Probe  
  74  8:04  Zealot x6  
  52  8:24  Zealot x2  
  52  8:25  Zealot x2  
Tags
 
Add a new tag
Caveats
  • Supply blocks, unpowered buildings, or Contaminate may cause inaccurate times.
  • Supply counts are checked every 10 seconds.